 Dungeon Sprint DCSS version 0.21.1-1-g345015f (webtiles) character file.

157 wojtek the Cleaver (level 5, -8/51 HPs)
             Began as a Minotaur Berserker on Feb 17, 2018.
             Was a Priest of Trog.
             Killed from afar by a deep elf mage (23 damage)
             ... with a bolt of fire
             ... in the Dungeon (Sprint III: "The Ten Rune Challenge").
             The game lasted 00:01:30 (497 turns).

wojtek the Cleaver (Minotaur Berserker)              Turns: 497, Time: 00:01:30

Health: -8/51      AC:  3    Str: 22    XL:     5   Next: 15%
Magic:  4/4        EV: 14    Int:  4    God:    Trog [***...]
Gold:   55         SH:  0    Dex: 10    Spells: 4/4 levels left

rFire    . . .     SeeInvis .   a - +0 hand axe
rCold    . . .     Gourm    .   (no shield)
rNeg     . . .     Faith    .   b - +0 animal skin
rPois    .         Spirit   .   (helmet restricted)
rElec    .         Reflect  .   k - +0 cloak
rCorr    .         Harm     .   (no gloves)
MR       .....     NoTele   +   (no boots)
Stlth    +.........             (no amulet)
HPRegen  0.17/turn              (no ring)
MPRegen  0.09/turn              (no ring)

@: no status effects
A: retaliatory headbutt, horns 2
a: Berserk, Trog's Hand, Burn Spellbooks, Renounce Religion


You were in the Dungeon.
You worshipped Trog.
Trog was most pleased with you.
You were not hungry.

You visited 1 branch You collected 55 gold pieces.

Inventory:

Hand Weapons
 a - a +0 hand axe (weapon)
Missiles
 t - 5 silver tomahawks (quivered)
Armour
 b - a +0 animal skin (worn)
 k - a +0 cloak (worn)
Scrolls
 i - a scroll of blinking
 l - a scroll of immolation {unknown}
 m - 4 scrolls of identify
 n - a scroll of remove curse {unknown}
 o - a scroll of holy word {unknown}
 p - 3 scrolls of amnesia {unknown}
Potions
 d - a potion of curing
 e - a potion of heal wounds
 f - a potion of haste
 g - 3 potions of magic
 h - a potion of berserk rage
 q - a potion of flight {unknown}
 r - 6 potions of mutation
Comestibles
 c - 4 rations
 j - 2 chunks of flesh


   Skills:
 + Level 6.6 Fighting
 * Level 8.7 Axes
 + Level 6.0 Armour
 + Level 5.4 Dodging


You had 4 spell levels left.
You didn't know any spells.

Dungeon Overview and Level Annotations

Branches:
Dungeon (1/1)

Altars:
Elyvilon
Kikubaaqudgha
Sif Muna
Vehumet
Zin
The Shining One


Innate Abilities, Weirdness & Mutations

You reflexively headbutt those who attack you in melee.
You have a pair of horns on your head.


Message History

The deep elf mage shouts!
The deep elf mage picks up a potion of curing.
There is an open door here.
Drop what? 20/52 slots (_ for help) (? for menu, Esc to quit)
You drop a book of Misfortune.
The deep elf mage casts a spell at you. The bolt of fire hits you!
The deep elf mage gestures at you while chanting.
The bolt of fire hits you!
You are engulfed in a cloud of scalding steam.
You are engulfed in a cloud of scalding steam.
Really walk into that cloud of steam?
Okay, then.
A deep elf mage is nearby!
Really walk into that cloud of steam?
You are engulfed in a cloud of scalding steam.
* * * LOW HITPOINT WARNING * * *
The deep elf mage casts a spell at you. The bolt of fire hits you!
You die...

▓▓▓▓▓▓▓▓ ▓▓▓ ..'....♣
♣.##### ..#....♣ ♣.#___#
###....♣♣ ♣.#...#
..#....≈♣♣♣♣♣.###e#+###+#
..#...≈≈♣..♣♣.#.@........
..#).≈≈≈≈...♣.'.§........
#'#..≈≈≈≈≈≈♣..#...######+
.÷#.≈≈≈≈≈≈....#.⌠.#
..#.≈≈≈≈≈.....#...#
..#.≈≈≈.......#'###
###...........#.).#
..............#___#
▓▓▓▓▓▓▓▓▓▓▓▓▓▓▓▓▓▓▓


You could see a deep elf mage.

Vanquished Creatures
  A water elemental (D)
  A wizard (D)
  Crazy Yiuf (D)
  A human (D)
  A kobold demonologist (D)
  An ooze (D)
  3 rats (D)
9 creatures vanquished.

Vanquished Creatures (others)
  2 draconian scorchers (D)
  6 hellions (D)
  A yaktaur (D)
  2 plants (D)
11 creatures vanquished.

Grand Total: 20 creatures vanquished

Notes
Turn   | Place    | Note
-------+----------+-------------------------------------------
     0 | D        | wojtek the Minotaur Berserker began the quest for the Orb.
     0 | D        | Reached XP level 1. HP: 19/19 MP: 0/0
     5 | D        | Reached skill level 4 in Axes
    83 | D        | Killed a yaktaur
   143 | D        | Killed a hellion
   145 | D        | Killed a hellion
   145 | D        | Killed a hellion
   147 | D        | Killed a hellion
   148 | D        | Killed a hellion
   154 | D        | Killed a white draconian scorcher
   156 | D        | Reached ** piety under Trog
   167 | D        | Killed a hellion
   179 | D        | Killed a white draconian scorcher
   182 | D        | Noticed Crazy Yiuf
   188 | D        | Killed Crazy Yiuf
   188 | D        | Reached skill level 6 in Axes
   188 | D        | Reached XP level 2. HP: 28/28 MP: 1/1
   188 | D        | Reached XP level 3. HP: 35/35 MP: 2/2
   259 | D        | Reached skill level 5 in Fighting
   364 | D        | Noticed a water elemental
   367 | D        | Killed a water elemental
   367 | D        | Reached *** piety under Trog
   367 | D        | Reached skill level 7 in Axes
   367 | D        | Reached skill level 5 in Armour
   367 | D        | Reached XP level 4. HP: 44/44 MP: 3/3
   411 | D        | Found a radiant altar of Vehumet.
   412 | D        | Found a deep blue altar of Sif Muna.
   412 | D        | Found an ancient bone altar of Kikubaaqudgha.
   412 | D        | Noticed a wizard
   416 | D        | Noticed a rust devil
   417 | D        | Killed a wizard
   417 | D        | Reached skill level 8 in Axes
   417 | D        | Reached skill level 5 in Dodging
   417 | D        | Reached XP level 5. HP: 51/51 MP: 4/4
   421 | D        | Received a gift from Trog
   487 | D        | Found a glowing silver altar of Zin.
   487 | D        | Found a glowing golden altar of the Shining One.
   487 | D        | Found a white marble altar of Elyvilon.
   488 | D        | Noticed a deep elf mage
   497 | D        | Killed from afar by a deep elf mage

Skill      XL: |  1  2  3  4  5 |
---------------+----------------+-----
Fighting       | 4 6 |  6.6
Axes           | 6 7 8 |  8.7
Armour         | 4 5 6 |  6.0
Dodging        | 3 4 5 |  5.4

Action                   |  1- 3 |  4- 6 || total
-------------------------+-------+-------++-------
Melee: Hand axe          |    23 |     7 ||    30
       Headbutt          |     2 |     2 ||     4
Invok: Berserk           |     2 |     1 ||     3
  Eat: Chunk             |       |     1 ||     1
Armor: Animal skin       |     1 |       ||     1
Dodge: Dodged            |    13 |     8 ||    21
